 Dungeon Crawl Stone Soup version 0.28.0 (webtiles) character file.

Game seed: 10864614613410682892

0 spaghetti the Sneak (level 1, -1/16 HPs)
             Began as an Octopode Delver on Feb 18, 2022.
             Slain by an iguana (3 damage)
             ... on level 5 of the Dungeon.
             The game lasted 00:00:17 (81 turns).

spaghetti the Sneak (Octopode Delver)                 Turns: 81, Time: 00:00:18

Health: -1/16      AC:  1    Str: 11    XL:     1   Next: 0%
Magic:  1/1        EV: 13    Int: 12    God:
Gold:   17         SH:  0    Dex: 13    Spells: 0/0 levels left

rFire   . . .      SeeInvis .     - Unarmed
rCold   . . .      Faith    .   (no shield)
rNeg    . . .      Spirit   .   (helmet restricted)
rPois   .          Reflect  .   (no amulet)
rElec   .          Harm     .   (no ring)
rCorr   .          Rampage  .   (no ring)
Will    .....                   (no ring)
Stlth   ++++......              (no ring)
HPRegen 0.05/turn               (no ring)
MPRegen 0.07/turn               (no ring)
                                (no ring)
                                (no ring)

@: no status effects
A: almost no armour, amphibious, 8 rings, camouflage 1, gelatinous body 1,
(nimble swimmer 1), tentacles
a: no special abilities


You were on level 5 of the Dungeon.
You visited 1 branch of the dungeon, and saw 2 of its levels.

You collected 17 gold pieces.

Inventory:

Wands
 e - a wand of digging (3)
Scrolls
 a - a scroll of fog
 b - a scroll of magic mapping
 c - a scroll of fear
 f - a scroll of teleportation {unknown}
Potions
 d - a potion of haste


   Skills:
 - Level 3.0 Fighting
 - Level 2.0 Dodging
 + Level 6.6 Stealth
 - Level 2.0 Unarmed Combat


You couldn't memorise any spells.
You didn't know any spells.
Your spell library was empty.

Dungeon Overview and Level Annotations

Branches:
Dungeon (6/15)
 Temple: D:4-7

Altars:


Innate Abilities, Weirdness & Mutations

You cannot wear most types of armour.
You are amphibious.
You can wear up to eight rings at the same time.
Your skin changes colour to match your surroundings (Stealth+).
Your rubbery body absorbs attacks. (AC +1, EV +1)
((You are camouflaged when in or above water. (Stealth+)))
You have tentacles for arms and can constrict up to eight enemies at once.


Message History

Welcome, spaghetti the Octopode Delver.
Will you prevail where others failed? Will you find the Orb of Zot?
Press ? for a list of commands and other information.
Found a stone staircase leading down.
Found a flail.
You see here a +0 flail.
Found a stone staircase leading up.
Found a short sword.
Found a stone staircase leading down.
You now have 13 gold pieces.
Found 19 arrows.
f - a scroll labelled ZACZYFROAFF An iguana comes into view.
An iguana is nearby!
The iguana hisses angrily.
You see here 19 arrows.
An ogre comes into view. It is wielding a +0 giant club.
A hound comes into view.
There is a stone staircase leading down here.
You climb downwards.
Found 4 gold pieces.
There is a stone staircase leading up here.
Unknown command.
You now have 17 gold pieces (gained 4).
An orc warrior and an orc come into view.
There is a stone staircase leading up here.
You climb upwards.
The ogre shouts!
The iguana closely misses you.
There is a stone staircase leading down here.
Unknown command.
You tentacle-slap the iguana but do no damage.
Your grab misses the iguana. The iguana bites you!
Ouch! That really hurt!
* * * LOW HITPOINT WARNING * * *
The iguana bites you.
You die...

... #..###########.######
...##...........##.......
#h.O#..(........##.......
................#........
##.............♣♣..♣.....
##...#.........♣P≈♣♣♣#.##
..............♣♣P≈P♣.>.##
.##.#...l>##.#♣♣
♣≈P♣#♣...
##..#...@#.♣♣♣♣♣♣.P♣ ♣♣♣.
...........≈PP♣≈≈.≈♣♣♣♣P.
##............≈≈≈≈≈≈≈≈≈).
P..........♣♣P≈P≈≈≈P♣P♣P.
P..........♣♣♣♣♣.≈≈♣♣♣♣♣.
≈....##.##### ♣♣≈P♣..<..
.....)......# ♣♣≈♣♣♣....
.############ ♣P≈♣♣♣....
♣≈.♣♣..###


You could see an ogre, an iguana and a hound (wandering).

Vanquished Creatures (others)
  6 plants (D:5)
6 creatures vanquished.

Notes
Turn   | Place    | Note
-------+----------+-------------------------------------------
     0 | D:5      | spaghetti the Octopode Delver began the quest for the Orb.
     0 | D:5      | Reached XP level 1. HP: 16/16 MP: 1/1
    55 | D:5      | Noticed an iguana
    60 | D:5      | Noticed an ogre
    63 | D:5      | Noticed a hound
    72 | D:6      | Noticed an orc warrior
    81 | D:5      | Slain by an iguana

Illustrated notes

Levels and vault maps discovered:
D:5:      minmay_recursive_quarters, layout_rooms, lemuel_doored_altar,
          minmay_temple_entry_sparse_star, serial_shops, shop, serial_bayou,
          serial_bayou_crossing, serial_bayou_pond_c, serial_bayou_lagoon_a,
          serial_bayou_pond_d
D:6:      layout_basic, grunt_decor_one_mirror, minmay_manual_monstrance

Action                   || total
-------------------------++-------
Melee: Unarmed           ||     1
Dodge: Dodged            ||     1
